 Dungeon Crawl Stone Soup version 0.29.0-4-gdea44cf6ec (webtiles) character file.

Game seed: 2112733080376418176

64078 qw the Severer (level 15, 0/100 HPs)
             Began as a Gargoyle Berserker on Sept 8, 2022.
             Was an Elder of Trog.
             Slain by a skeletal warrior
             ... wielding a +0 mace
             ... summoned by a boggart
              (4 damage)
             ... on level 13 of the Dungeon.
             The game lasted 00:08:01 (23970 turns).

qw the Severer (Gargoyle Berserker)                Turns: 23970, Time: 00:08:01

Health: 0/100      AC: 32    Str: 29    XL:     15   Next: 11%
Magic:  15/15      EV: 13    Int:  7    God:    Trog [****..]
Gold:   1157       SH:  5    Dex:  9    Spells: 14/14 levels left

rFire   . . .      SeeInvis +   Y - +4 broad axe (vorpal)
rCold   . . .      Faith    .   (no shield)
rNeg    + . .      Spirit   .   b - +0 plate armour
rPois   inf        Reflect  +   f - +1 hat {SInv}
rElec   +          Harm     .   (no cloak)
rCorr   .          Rampage  .   t - +0 pair of gloves
Will    +....                   g - +2 pair of boots
Stlth   ..........              h - amulet of reflection
HPRegen 0.26/turn               i - +4 ring of slaying {mikee}
MPRegen 0.14/turn               v - +4 ring of evasion

@: on berserk cooldown, flying, slowed, very slow
A: sickness immunity, AC +11, big wings, negative energy resistance 1,
electricity resistance, torment resistance 1, petrification resistance, horns 2,
screaming 1
a: Renounce Religion, Berserk, Trog's Hand, Brothers in Arms


You were on level 13 of the Dungeon.
You worshipped Trog.
Trog was greatly pleased with you.
You visited 2 branches of the dungeon, and saw 18 of its levels.

You collected 1233 gold pieces.
You spent 76 gold pieces at shops.


Innate Abilities, Weirdness & Mutations

You are immune to sickness and miasma.
Your stone body is resilient. (AC +11)
You are immune to poison.
Your large and strong wings let you fly.
You resist negative energy. (rN+)
You are resistant to electric shocks. (rElec)
You are resistant to unholy torment.
You are immune to petrification.
You have a pair of horns on your head.
You occasionally shout uncontrollably at your foes.


   Skills:
 + Level 13.6 Fighting
 - Level 18.0 Axes
 - Level 6.0 Throwing
 - Level 12.0 Armour
 - Level 3.0 Dodging


You had 14 spell levels left.
You didn't know any spells.
Your spell library was empty.

Inventory:

Hand Weapons
 e - a +0 hand axe of flaming
 Y - a +4 vorpal broad axe (weapon)
Missiles
 d - 10 boomerangs (quivered)
Armour
 b - a +0 plate armour (worn)
 f - a +1 hat of see invisible (worn)
 g - a +2 pair of boots (worn)
 q - a +0 cloak
 t - a +0 pair of gloves (worn)
Jewellery
 c - a ring of fire
 h - an amulet of reflection (around neck)
 i - a +4 ring of slaying (left hand) {mikee}
 u - a ring of protection from fire
 v - a +4 ring of evasion (right hand)
Scrolls
 j - 10 scrolls of identify
 k - 8 scrolls of teleportation
Potions
 a - 2 potions of haste
 l - 4 potions of curing
 m - a potion of resistance
 o - a potion of cancellation
 p - a potion of mutation
 r - 3 potions of might
 s - 3 potions of heal wounds

Dungeon Overview and Level Annotations

Branches:
Dungeon (13/15)            Temple (0/1) D:6            Lair (5/5) D:11
  Swamp (0/4) Lair:3        Snake (0/4) Lair:2        Slime (0/5) Lair:4
    Orc (0/2) D:11
 Vaults: D:13-14

Altars:
Elyvilon
Fedhas
Kikubaaqudgha
Nemelex Xobeh
Okawaru
Qazlal
Ru
Vehumet
Xom
Yredelemnul
The Shining One

Shops:
D:2 [

Annotations:
D:10 3 runed translucent doors, qw's ghost, novice MiFi


Message History

The boggart casts a spell.
You slash the centaur warrior skeleton!
You headbutt the centaur warrior skeleton!
The centaur warrior skeleton is almost destroyed.
You barely miss the skeletal warrior. You slash the skeletal warrior!
You slash the two-headed ogre!
You hit the skeletal warrior but do no damage.
The centaur warrior skeleton barely misses you.
You block the centaur warrior skeleton's attack.
You slice the centaur warrior skeleton!!
You destroy the centaur warrior skeleton!
Trog accepts your kill.
You barely miss the skeletal warrior. You slice the skeletal warrior!! x2
You slice the two-headed ogre!! You barely miss the two-headed ogre.
The two-headed ogre is almost dead.
You slash the skeletal warrior! You hit the skeletal warrior.
You barely miss the skeletal warrior.
The two-headed ogre hits you but does no damage.
The two-headed ogre closely misses you.
The skeletal warrior closely misses you. x2
The skeletal warrior hits you with a +0 scimitar.
The skeletal warrior hits you with a +0 short sword.
You slice the two-headed ogre!!
You kill the two-headed ogre!
Trog accepts your kill.
You hit the skeletal warrior. You slice the skeletal warrior!!
You hit the skeletal warrior.
You hit the skeletal warrior but do no damage.
You slice the skeletal warrior!!
You destroy the skeletal warrior!
The skeletal warrior dissolves into shadows!
You closely miss the skeletal warrior. You barely miss the skeletal warrior.
You closely miss the skeletal warrior.
You are no longer berserk.
You are exhausted.
You feel yourself slow down.
The skeletal warrior hits you from afar with a +0 trident.
The skeletal warrior hits you with a +0 mace.
You die...

# # ........# . .# ........#
.## .# ......).# #.#..# #
(........# ##.#..#.##
#.........# .c......
#.........#####)#..#.##
#...........)..@.z.....
#.........[.))zzz.(....
#.........#####g#.z#.##
#.........# ........
#.........# #.#..#.#
#.........# #.#..# # ..#
#.........# .##..# #..#
##.........# . #..# #..# .
...........#######..#######..#
.


You could see 5 skeletal warriors, a yaktaur and a boggart (fast).

Vanquished Creatures
  Gastronok (Lair:1)
  A dire elephant (Lair:5)
  5 hydras
  A boulder beetle (D:12)
  5 two-headed ogres
  Erica (D:8)
  A catoblepas (Lair:5)
  14 death yaks
  Urug (D:11)
  Pikel (D:8)
  A lindwurm (Lair:5)
  2 oklob plants
  3 manticores
  A deep elf pyromancer (D:12)
  2 ugly things
  4 cyclopes
  Joseph (D:8)
  5 elephants (Lair:5)
  3 black mambas
  2 torpor snails (Lair:4)
  2 centaur skeletons (D:13)
  19 cane toads
  2 rime drakes
  15 komodo dragons
  3 yaktaurs (D:13)
  A freezing wraith (D:13)
  4 trolls
  A tyrant leech (Lair:3)
  A tarantella (shapeshifter) (D:13)
  20 blink frogs
  2 dream sheep (Lair:5)
  A shadow (D:11)
  6 humans (D:9)
  59 yaks
  6 wraiths
  2 wyverns
  3 basilisks
  A steam dragon (D:9)
  3 nagas (Lair:2)
  2 swamp worms (Lair:3)
  Edmund (D:5)
  An acid dragon (D:11)
  11 water moccasins
  6 orc warriors
  A sky beast (D:7)
  3 black bears
  2 ice beasts (D:6)
  2 ogres
  17 wolves
  4 centaurs
  3 lemures (D:8)
  A phantom (D:7)
  3 kobold brigands
  18 bullfrogs
  2 gnoll sergeants
  A necrophage (D:6)
  A scorpion (D:5)
  3 wights (D:8)
  8 killer bees
  2 electric eels (Lair:3)
  6 howler monkeys
  9 hounds
  2 jellies
  8 orc priests
  16 iguanas
  15 orc wizards
  9 gnolls
  9 adders
  A river rat (D:6)
  2 white imps (D:7)
  2 ufetubi
  3 worms
  4 dart slugs
  51 orcs
  3 bats
  4 endoplasms
  3 giant cockroaches
  A goblin (D:3)
  9 hobgoblins
  5 jackals
  3 quokkas
  4 ball pythons
  17 frilled lizards
  15 kobolds
  7 rats
506 creatures vanquished.

Vanquished Creatures (collateral kills)
  A hydra (Lair:1)
1 creature vanquished.

Vanquished Creatures (others)
  34 fungi
  59 plants
93 creatures vanquished.

Grand Total: 600 creatures vanquished

Notes
Turn   | Place    | Note
-------+----------+-------------------------------------------
     0 | D:1      | qw the Gargoyle Berserker began the quest for the Orb.
     0 | D:1      | Reached XP level 1. HP: 14/14 MP: 1/1
     0 | D:1      | 0 ||| qw: Version: 0.1-a-112-g44dc6cd
     0 | D:1      | 0 ||| qw: Game counter: 6817
     0 | D:1      | 0 ||| qw: Always use a shield: true
     0 | D:1      | 0 ||| qw: Do Orc after D:15 true
     0 | D:1      | 0 ||| qw: Do second Lair branch before Depths: true
     0 | D:1      | 0 ||| qw: Lair rune preference: random
     0 | D:1      | 0 ||| qw: Plans: Normal
     0 | D:1      | 0 ||| PLANNING D:1-11
    40 | D:1      | 40 ||| Stepping ~*~*~tactically~*~*~ (stealth).
   184 | D:1      | Reached skill level 3 in Axes
   226 | D:1      | 226 ||| Stepping ~*~*~tactically~*~*~ (stealth).
   229 | D:1      | 229 ||| Stepping ~*~*~tactically~*~*~ (stealth).
   233 | D:1      | 233 ||| Stepping ~*~*~tactically~*~*~ (stealth).
   234 | D:1      | 234 ||| Stepping ~*~*~tactically~*~*~ (stealth).
   237 | D:1      | Reached XP level 2. HP: 15/19 MP: 2/2
   549 | D:1      | Found a faded altar of an unknown god.
   694 | D:1      | 694 ||| UPGRADING to +0 ring mail.
   704 | D:1      | 704 ||| DROPPING +0 animal skin.
   705 | D:1      | 705 ||| UPGRADING to ring of willpower.
   706 | D:1      | 706 ||| READING scroll labelled QETUVOPRAU.
   707 | D:1      | 707 ||| READING scroll labelled VEEPRU WULO.
   708 | D:1      | 708 ||| READING scroll labelled UDAISUYSHU.
   709 | D:1      | 709 ||| READING 2 scrolls labelled NYETWUXARI.
   714 | D:1      | 714 ||| READING scroll labelled PETHEIRRIE.
   870 | D:2      | Reached XP level 3. HP: 23/23 MP: 3/3
   880 | D:2      | Reached skill level 4 in Axes
   882 | D:2      | 882 ||| FLEEEEING.
   883 | D:2      | 883 ||| FLEEEEING.
  1118 | D:2      | Reached XP level 4. HP: 27/28 MP: 4/4
  1160 | D:2      | 1160 ||| Stepping ~*~*~tactically~*~*~ (stealth).
  1163 | D:2      | 1163 ||| Stepping ~*~*~tactically~*~*~ (stealth).
  1169 | D:2      | 1169 ||| Stepping ~*~*~tactically~*~*~ (stealth).
  1183 | D:2      | Found Xorghimiu's Antique Armour Shop.
  1193 | D:2      | 1193 ||| BUYING pair of boots (76 gold).
  1193 | D:2      | Bought a pair of boots for 76 gold pieces
  1193 | D:2      | 1193 ||| SHOPLISTING scale mail (68 gold, have 63).
  1193 | D:2      | 1193 ||| SHOPLISTING shiny scale mail (119 gold, have 63).
  1637 | D:2      | 1637 ||| UPGRADING to +0 pair of boots.
  1642 | D:2      | 1642 ||| UPGRADING to ring of protection from fire.
  1813 | D:3      | 1813 ||| Stepping ~*~*~tactically~*~*~ (stealth).
  1816 | D:3      | 1816 ||| Stepping ~*~*~tactically~*~*~ (stealth).
  1820 | D:3      | 1820 ||| Stepping ~*~*~tactically~*~*~ (stealth).
  1882 | D:3      | 1882 ||| SWAPPING to +0 hand axe of flaming.
  1883 | D:3      | 1883 ||| DROPPING +0 mace.
  1884 | D:3      | 1884 ||| DROPPING +0 hand axe.
  1896 | D:3      | 1896 ||| READING scroll of enchant armour.
  1896 | D:3      | 1896 ||| ENCHANTING +0 pair of boots.
  2091 | D:3      | Reached ** piety under Trog
  2151 | D:3      | 2151 ||| Stepping ~*~*~tactically~*~*~ (hiding).
  2157 | D:3      | 2157 ||| INVOKING Berserk.
  2163 | D:3      | Reached skill level 5 in Axes
  2163 | D:3      | Reached XP level 5. HP: 32/32 MP: 5/5
  2370 | D:3      | Found a glowing golden altar of the Shining One.
  2384 | D:3      | 2384 ||| Stepping ~*~*~tactically~*~*~ (stealth).
  2662 | D:3      | 2662 ||| UPGRADING to +0 chain mail.
  2672 | D:3      | 2672 ||| DROPPING +0 ring mail.
  2673 | D:3      | 2673 ||| UPGRADING to amulet of the acrobat.
  2678 | D:3      | 2678 ||| DRINKING 2 ruby potions.
  2679 | D:3      | 2679 ||| DRINKING 2 cyan potions.
  2680 | D:3      | 2680 ||| DROPPING potion of flight.
  2710 | D:4      | 2710 ||| Stepping ~*~*~tactically~*~*~ (hiding).
  2712 | D:4      | 2712 ||| Stepping ~*~*~tactically~*~*~ (hiding).
  2720 | D:4      | 2720 ||| INVOKING Berserk.
  2721 | D:4      | 2721 ||| INVOKING Berserk.
  2859 | D:4      | 2859 ||| Stepping ~*~*~tactically~*~*~ (stealth).
  2863 | D:4      | 2863 ||| INVOKING Berserk.
  3148 | D:4      | Found a shimmering altar of Xom.
  3150 | D:4      | Found a shimmering altar of Xom.
  3161 | D:4      | Found a shimmering altar of Xom.
  3161 | D:4      | Found a shimmering altar of Xom.
  3162 | D:4      | Found a shimmering altar of Xom.
  3190 | D:4      | Reached XP level 6. HP: 31/38 MP: 6/6
  3484 | D:4      | 3484 ||| UPGRADING to +0 helmet.
  3489 | D:4      | 3489 ||| READING scroll labelled PITTEP OSASAY.
  3490 | D:4      | 3490 ||| READING 3 scrolls of identify.
  3490 | D:4      | 3490 ||| IDENTIFYING bubbling ruby potion
  3491 | D:4      | 3491 ||| READING 2 scrolls of identify.
  3491 | D:4      | 3491 ||| IDENTIFYING murky emerald potion
  3492 | D:4      | 3492 ||| DROPPING potion of magic.
  3521 | D:5      | Entered Level 5 of the Dungeon
  3546 | D:5      | Noticed Edmund
  3547 | D:5      | 3547 ||| Stepping ~*~*~tactically~*~*~ (stealth).
  3584 | D:5      | 3584 ||| INVOKING Berserk.
  3596 | D:5      | Reached skill level 3 in Armour
  3596 | D:5      | Killed Edmund
  3597 | D:5      | Reached skill level 6 in Axes
  3832 | D:5      | Found a stormy altar of Qazlal.
  3859 | D:5      | Reached XP level 7. HP: 39/43 MP: 7/7
  3897 | D:5      | 3897 ||| INVOKING Berserk.
  4028 | D:5      | 4028 ||| Stepping ~*~*~tactically~*~*~ (hiding).
  4029 | D:5      | 4029 ||| Stepping ~*~*~tactically~*~*~ (hiding).
  4030 | D:5      | 4030 ||| Stepping ~*~*~tactically~*~*~ (hiding).
  4031 | D:5      | 4031 ||| Stepping ~*~*~tactically~*~*~ (hiding).
  4032 | D:5      | 4032 ||| Stepping ~*~*~tactically~*~*~ (hiding).
  4036 | D:5      | 4036 ||| INVOKING Berserk.
  4133 | D:5      | Found an iron altar of Okawaru.
  4219 | D:5      | Found a basalt altar of Yredelemnul.
  4429 | D:5      | 4429 ||| INVOKING Berserk.
  4431 | D:5      | Reached skill level 7 in Axes
  4592 | D:5      | 4592 ||| INVOKING Berserk.
  4761 | D:5      | 4761 ||| SWAPPING to +0 war axe.
  4980 | D:5      | 4980 ||| READING scroll labelled BOLLOI QONO.
  5036 | D:6      | 5036 ||| PLANNING SEWER
  5056 | D:6      | 5056 ||| INVOKING Berserk.
  5059 | D:6      | Reached skill level 1 in Throwing
  5226 | D:6      | Reached XP level 8. HP: 40/49 MP: 8/8
  5347 | D:6      | Identified the +7 trident of Qaliaty {vorpal, rElec rF+
                  | Int+5 Stlth-}
  5528 | D:6      | Found a staircase to the Ecumenical Temple.
  5546 | D:6      | Reached skill level 8 in Axes
  5560 | D:6      | 5560 ||| INVOKING Berserk.
  5568 | D:6      | HP: 17/73 [gnoll/+0 quarterstaff[a gnoll sergeant] (4)]
  5759 | D:6      | 5759 ||| RIP SEWER
  5791 | D:6      | 5791 ||| PLANNING D:1-11
  5849 | D:6      | 5849 ||| INVOKING Berserk.
  6039 | D:6      | Reached skill level 6 in Fighting
  6115 | D:6      | 6115 ||| Stepping ~*~*~tactically~*~*~ (stealth).
  6646 | D:6      | 6646 ||| READING scroll labelled FITASCHIAHA.
  6647 | D:6      | 6647 ||| DRINKING 2 grey potions.
  6647 | D:6      | Gained mutation: You occasionally shout uncontrollably at
                  | your foes. [potion of mutation]
  6647 | D:6      | Gained mutation: You have a pair of small horns on your
                  | head. [potion of mutation]
  6647 | D:6      | Gained mutation: You have a pair of horns on your head.
                  | [potion of mutation]
  6648 | D:6      | 6648 ||| DROPPING +0 helmet.
  6649 | D:6      | 6649 ||| DRINKING 2 green potions.
  6700 | D:7      | 6700 ||| Stepping ~*~*~tactically~*~*~ (hiding).
  6701 | D:7      | 6701 ||| Stepping ~*~*~tactically~*~*~ (hiding).
  6707 | D:7      | Noticed a wyvern
  6715 | D:7      | Reached skill level 9 in Axes
  6715 | D:7      | Reached XP level 9. HP: 43/55 MP: 9/9
  6720 | D:7      | 6720 ||| INVOKING Berserk.
  6993 | D:7      | 6993 ||| Stepping ~*~*~tactically~*~*~ (hiding).
  6995 | D:7      | 6995 ||| Stepping ~*~*~tactically~*~*~ (hiding).
  6997 | D:7      | 6997 ||| Stepping ~*~*~tactically~*~*~ (hiding).
  6998 | D:7      | 6998 ||| Stepping ~*~*~tactically~*~*~ (hiding).
  6999 | D:7      | 6999 ||| Stepping ~*~*~tactically~*~*~ (hiding).
  7006 | D:7      | 7006 ||| INVOKING Berserk.
  7107 | D:7      | 7107 ||| Stepping ~*~*~tactically~*~*~ (stealth).
  7117 | D:7      | 7117 ||| Stepping ~*~*~tactically~*~*~ (stealth).
  7118 | D:7      | 7118 ||| Stepping ~*~*~tactically~*~*~ (stealth).
  7165 | D:7      | Found a white marble altar of Elyvilon.
  7315 | D:7      | 7315 ||| Stepping ~*~*~tactically~*~*~ (hiding).
  7433 | D:7      | Found a sacrificial altar of Ru.
  7466 | D:7      | Reached *** piety under Trog
  7532 | D:7      | 7532 ||| INVOKING Berserk.
  8110 | D:8      | Reached skill level 10 in Axes
  8132 | D:8      | 8132 ||| Stepping ~*~*~tactically~*~*~ (stealth).
  8134 | D:8      | 8134 ||| Stepping ~*~*~tactically~*~*~ (stealth).
  8135 | D:8      | Noticed Pikel
  8136 | D:8      | 8136 ||| Stepping ~*~*~tactically~*~*~ (stealth).
  8139 | D:8      | 8139 ||| Stepping ~*~*~tactically~*~*~ (stealth).
  8141 | D:8      | 8141 ||| Stepping ~*~*~tactically~*~*~ (stealth).
  8144 | D:8      | 8144 ||| INVOKING Berserk.
  8151 | D:8      | Killed Pikel
  8152 | D:8      | Reached skill level 6 in Armour
  8225 | D:8      | Noticed Joseph
  8232 | D:8      | 8232 ||| INVOKING Berserk.
  8246 | D:8      | Killed Joseph
  8247 | D:8      | Reached XP level 10. HP: 27/64 MP: 10/10
  8558 | D:8      | Identified the ring of Nott {Wiz Dex+4}
  8675 | D:8      | 8675 ||| Stepping ~*~*~tactically~*~*~ (hiding).
  8677 | D:8      | 8677 ||| Stepping ~*~*~tactically~*~*~ (hiding).
  8774 | D:8      | Found a sparkling altar of Nemelex Xobeh.
  8881 | D:8      | 8881 ||| Stepping ~*~*~tactically~*~*~ (hiding).
  9137 | D:8      | Noticed Erica
  9138 | D:8      | 9138 ||| INVOKING Berserk.
  9144 | D:8      | Killed Erica
  9145 | D:8      | Reached skill level 11 in Axes
  9258 | D:8      | 9258 ||| DROPPING ring of resist corrosion.
  9259 | D:8      | 9259 ||| READING scroll labelled YPAMIE TYJE.
  9324 | D:8      | 9324 ||| DRINKING 2 amethyst potions.
  9325 | D:8      | 9325 ||| READING 5 scrolls of identify.
  9325 | D:8      | 9325 ||| IDENTIFYING bubbling inky potion
  9326 | D:8      | 9326 ||| READING 4 scrolls of identify.
  9326 | D:8      | 9326 ||| IDENTIFYING lumpy emerald potion
  9327 | D:8      | 9327 ||| READING 3 scrolls of identify.
  9327 | D:8      | 9327 ||| IDENTIFYING sedimented amethyst potion
  9328 | D:8      | 9328 ||| DROPPING potion of lignification.
  9329 | D:8      | 9329 ||| DROPPING potion of brilliance.
  9350 | D:9      | 9350 ||| STAIRDANCE
  9354 | D:9      | 9354 ||| STAIRDANCE
  9443 | D:9      | 9443 ||| STAIRDANCE
  9592 | D:9      | 9592 ||| INVOKING Berserk.
  9615 | D:9      | 9615 ||| FLEEEEING.
  9617 | D:9      | 9617 ||| STAIRDANCE
  9759 | D:9      | Reached skill level 9 in Fighting
  9763 | D:9      | 9763 ||| INVOKING Berserk.
  9784 | D:9      | Reached skill level 12 in Axes
  9787 | D:9      | HP: 13/66 [steam dragon (8)]
  9788 | D:9      | 9788 ||| READING 4 scrolls of teleportation.
  9789 | D:9      | 9789 ||| DRINKING potion of heal wounds.
  9931 | D:9      | 9931 ||| Stepping ~*~*~tactically~*~*~ (stealth).
  9932 | D:9      | 9932 ||| INVOKING Berserk.
  9972 | D:9      | 9972 ||| Stepping ~*~*~tactically~*~*~ (stealth).
  9975 | D:9      | 9975 ||| Stepping ~*~*~tactically~*~*~ (hiding).
 10003 | D:9      | 10003 ||| Stepping ~*~*~tactically~*~*~ (stealth).
 10177 | D:9      | 10177 ||| Stepping ~*~*~tactically~*~*~ (stealth).
 10183 | D:9      | 10183 ||| Stepping ~*~*~tactically~*~*~ (stealth).
 10192 | D:9      | Reached XP level 11. HP: 63/72 MP: 11/11
 10206 | D:9      | Reached **** piety under Trog
 10300 | D:9      | 10300 ||| INVOKING Berserk.
 10353 | D:9      | 10353 ||| FLEEEEING.
 10354 | D:9      | 10354 ||| FLEEEEING.
 10355 | D:9      | 10355 ||| FLEEEEING.
 10356 | D:9      | 10356 ||| FLEEEEING.
 10359 | D:9      | 10359 ||| FLEEEEING.
 10360 | D:9      | 10360 ||| FLEEEEING.
 10361 | D:9      | 10361 ||| FLEEEEING.
 10362 | D:9      | 10362 ||| FLEEEEING.
 10363 | D:9      | 10363 ||| FLEEEEING.
 10364 | D:9      | 10364 ||| FLEEEEING.
 10365 | D:9      | 10365 ||| FLEEEEING.
 10366 | D:9      | 10366 ||| FLEEEEING.
 10369 | D:9      | 10369 ||| FLEEEEING.
 10370 | D:9      | 10370 ||| FLEEEEING.
 10372 | D:9      | 10372 ||| FLEEEEING.
 10373 | D:9      | 10373 ||| FLEEEEING.
 10374 | D:9      | 10374 ||| FLEEEEING.
 10375 | D:9      | 10375 ||| FLEEEEING.
 10376 | D:9      | 10376 ||| FLEEEEING.
 10377 | D:9      | 10377 ||| STAIRDANCE
 10515 | D:8      | 10515 ||| UPGRADING to +0 plate armour.
 10525 | D:8      | 10525 ||| DROPPING +0 chain mail.
 10532 | D:9      | 10532 ||| STAIRDANCE
 10615 | D:9      | 10615 ||| Stepping ~*~*~tactically~*~*~ (hiding).
 10851 | D:9      | Found a radiant altar of Vehumet.
 10854 | D:9      | 10854 ||| Stepping ~*~*~tactically~*~*~ (hiding).
 10857 | D:9      | 10857 ||| INVOKING Berserk.
 11324 | D:9      | 11324 ||| Stepping ~*~*~tactically~*~*~ (stealth).
 11339 | D:10     | Entered Level 10 of the Dungeon
 11478 | D:10     | 11478 ||| Stepping ~*~*~tactically~*~*~ (stealth).
 11479 | D:10     | 11479 ||| Stepping ~*~*~tactically~*~*~ (stealth).
 11480 | D:10     | 11480 ||| Stepping ~*~*~tactically~*~*~ (stealth).
 11481 | D:10     | 11481 ||| INVOKING Berserk.
 11706 | D:10     | Found a runed translucent gate.
 11707 | D:10     | Found a runed translucent gate.
 11708 | D:10     | Found a runed translucent gate.
 11708 | D:10     | Noticed a nine-headed hydra
 11710 | D:10     | Noticed qw's ghost (novice MiFi)
 11792 | D:10     | Noticed a two-headed ogre
 11796 | D:10     | 11796 ||| INVOKING Berserk.
 11804 | D:10     | Killed a two-headed ogre
 12158 | D:10     | 12158 ||| Stepping ~*~*~tactically~*~*~ (hiding).
 12389 | D:10     | 12389 ||| UPGRADING to +4 ring of slaying {mikee}.
 12391 | D:10     | 12391 ||| DROPPING ring of resist corrosion.
 12392 | D:10     | 12392 ||| READING scroll labelled RUMNUA PENUN.
 12393 | D:10     | 12393 ||| READING 4 scrolls of identify.
 12393 | D:10     | 12393 ||| IDENTIFYING inky potion
 12394 | D:10     | 12394 ||| DROPPING potion of ambrosia.
 12428 | D:11     | Found a staircase to the Orcish Mines.
 12429 | D:11     | 12429 ||| Stepping ~*~*~tactically~*~*~ (stealth).
 12431 | D:11     | 12431 ||| Stepping ~*~*~tactically~*~*~ (hiding).
 12438 | D:11     | 12438 ||| INVOKING Berserk.
 12461 | D:11     | Noticed a cyclops
 12462 | D:11     | 12462 ||| FLEEEEING.
 12464 | D:11     | 12464 ||| STAIRDANCE
 12622 | D:11     | 12622 ||| FLEEEEING.
 12623 | D:11     | 12623 ||| FLEEEEING.
 12626 | D:11     | 12626 ||| STAIRDANCE
 12777 | D:11     | 12777 ||| STAIRDANCE
 12900 | D:11     | 12900 ||| INVOKING Berserk.
 12903 | D:11     | Killed a cyclops
 12909 | D:11     | 12909 ||| STAIRDANCE
 13101 | D:11     | 13101 ||| Stepping ~*~*~tactically~*~*~ (stealth).
 13102 | D:11     | Noticed a death yak
 13103 | D:11     | 13103 ||| Stepping ~*~*~tactically~*~*~ (stealth).
 13105 | D:11     | Noticed a death yak
 13105 | D:11     | 13105 ||| Stepping ~*~*~tactically~*~*~ (stealth).
 13110 | D:11     | Noticed a death yak
 13111 | D:11     | 13111 ||| INVOKING Berserk.
 13117 | D:11     | Reached skill level 13 in Axes
 13122 | D:11     | Killed a death yak
 13129 | D:11     | Killed a death yak
 13130 | D:11     | Reached skill level 9 in Armour
 13145 | D:11     | Killed a death yak
 13331 | D:11     | Found a staircase to the Lair.
 13348 | D:11     | 13348 ||| READING scroll of enchant armour.
 13348 | D:11     | 13348 ||| ENCHANTING +1 pair of boots.
 13383 | D:11     | Noticed a two-headed ogre
 13384 | D:11     | 13384 ||| Stepping ~*~*~tactically~*~*~ (stealth).
 13392 | D:11     | 13392 ||| INVOKING Berserk.
 13394 | D:11     | Killed a two-headed ogre
 13395 | D:11     | Reached XP level 12. HP: 77/77 MP: 12/12
 13423 | D:11     | 13423 ||| FLEEEEING.
 13426 | D:11     | 13426 ||| Stepping ~*~*~tactically~*~*~ (stealth).
 13429 | D:11     | 13429 ||| INVOKING Berserk.
 13476 | D:11     | 13476 ||| Stepping ~*~*~tactically~*~*~ (stealth).
 13489 | D:11     | 13489 ||| INVOKING Berserk.
 13494 | D:11     | Reached skill level 14 in Axes
 13572 | D:11     | 13572 ||| FLEEEEING.
 13573 | D:11     | 13573 ||| FLEEEEING.
 13574 | D:11     | 13574 ||| FLEEEEING.
 13575 | D:11     | 13575 ||| FLEEEEING.
 13576 | D:11     | 13576 ||| FLEEEEING.
 13577 | D:11     | 13577 ||| FLEEEEING.
 13578 | D:11     | 13578 ||| FLEEEEING.
 13579 | D:11     | 13579 ||| FLEEEEING.
 13580 | D:11     | 13580 ||| FLEEEEING.
 13581 | D:11     | 13581 ||| FLEEEEING.
 13582 | D:11     | 13582 ||| FLEEEEING.
 13583 | D:11     | 13583 ||| FLEEEEING.
 13584 | D:11     | 13584 ||| FLEEEEING.
 13585 | D:11     | 13585 ||| FLEEEEING.
 13586 | D:11     | 13586 ||| FLEEEEING.
 13587 | D:11     | 13587 ||| FLEEEEING.
 13588 | D:11     | 13588 ||| FLEEEEING.
 13589 | D:11     | 13589 ||| FLEEEEING.
 13590 | D:11     | 13590 ||| FLEEEEING.
 13591 | D:11     | 13591 ||| FLEEEEING.
 13592 | D:11     | 13592 ||| FLEEEEING.
 13593 | D:11     | 13593 ||| FLEEEEING.
 13594 | D:11     | 13594 ||| FLEEEEING.
 13595 | D:11     | 13595 ||| FLEEEEING.
 13596 | D:11     | 13596 ||| FLEEEEING.
 13597 | D:11     | 13597 ||| FLEEEEING.
 13598 | D:11     | 13598 ||| FLEEEEING.
 13599 | D:11     | 13599 ||| FLEEEEING.
 13600 | D:11     | 13600 ||| FLEEEEING.
 13601 | D:11     | 13601 ||| FLEEEEING.
 13602 | D:11     | 13602 ||| FLEEEEING.
 13603 | D:11     | 13603 ||| FLEEEEING.
 13604 | D:11     | 13604 ||| FLEEEEING.
 13605 | D:11     | 13605 ||| FLEEEEING.
 13606 | D:11     | 13606 ||| FLEEEEING.
 13607 | D:11     | 13607 ||| FLEEEEING.
 13608 | D:11     | 13608 ||| FLEEEEING.
 13609 | D:11     | 13609 ||| FLEEEEING.
 13610 | D:11     | 13610 ||| FLEEEEING.
 13611 | D:11     | 13611 ||| FLEEEEING.
 13612 | D:11     | 13612 ||| FLEEEEING.
 13613 | D:11     | 13613 ||| FLEEEEING.
 13614 | D:11     | 13614 ||| FLEEEEING.
 13615 | D:11     | 13615 ||| FLEEEEING.
 13616 | D:11     | 13616 ||| FLEEEEING.
 13755 | D:11     | 13755 ||| FLEEEEING.
 13756 | D:11     | 13756 ||| FLEEEEING.
 13757 | D:11     | 13757 ||| FLEEEEING.
 13758 | D:11     | 13758 ||| FLEEEEING.
 13759 | D:11     | 13759 ||| FLEEEEING.
 13760 | D:11     | 13760 ||| FLEEEEING.
 13761 | D:11     | 13761 ||| FLEEEEING.
 13762 | D:11     | 13762 ||| Stepping ~*~*~tactically~*~*~ (hiding).
 13763 | D:11     | 13763 ||| Stepping ~*~*~tactically~*~*~ (hiding).
 13852 | D:11     | Noticed Urug
 13853 | D:11     | 13853 ||| Stepping ~*~*~tactically~*~*~ (stealth).
 13859 | D:11     | 13859 ||| FLEEEEING.
 13860 | D:11     | 13860 ||| FLEEEEING.
 13862 | D:11     | 13862 ||| INVOKING Berserk.
 13865 | D:11     | Killed Urug
 13879 | D:11     | 13879 ||| FLEEEEING.
 13886 | D:11     | 13886 ||| STAIRDANCE
 14048 | D:11     | 14048 ||| Stepping ~*~*~tactically~*~*~ (hiding).
 14116 | D:11     | Reached ***** piety under Trog
 14119 | D:11     | 14119 ||| Stepping ~*~*~tactically~*~*~ (stealth).
 14229 | D:11     | Reached skill level 3 in Throwing
 14358 | D:11     | 14358 ||| INVOKING Berserk.
 14487 | D:11     | 14487 ||| INVOKING Berserk.
 14804 | D:11     | 14804 ||| PLANNING LAIR
 14804 | D:11     | 14804 ||| UPGRADING to +0 pair of gloves.
 14809 | D:11     | 14809 ||| READING 6 scrolls of identify.
 14809 | D:11     | 14809 ||| IDENTIFYING dark potion
 14810 | D:11     | 14810 ||| READING 5 scrolls of identify.
 14810 | D:11     | 14810 ||| IDENTIFYING murky purple potion
 14811 | D:11     | 14811 ||| DROPPING potion of degeneration.
 14812 | D:11     | 14812 ||| DROPPING potion of attraction.
 14860 | Lair:1   | Entered Level 1 of the Lair of Beasts
 14894 | Lair:1   | 14894 ||| Stepping ~*~*~tactically~*~*~ (stealth).
 14945 | Lair:1   | 14945 ||| Stepping ~*~*~tactically~*~*~ (stealth).
 14958 | Lair:1   | 14958 ||| INVOKING Berserk.
 15151 | Lair:1   | Noticed Gastronok
 15152 | Lair:1   | 15152 ||| Stepping ~*~*~tactically~*~*~ (hiding).
 15155 | Lair:1   | 15155 ||| Stepping ~*~*~tactically~*~*~ (hiding).
 15157 | Lair:1   | 15157 ||| Stepping ~*~*~tactically~*~*~ (hiding).
 15163 | Lair:1   | 15163 ||| INVOKING Berserk.
 15170 | Lair:1   | Killed Gastronok
 15932 | Lair:1   | Noticed a seven-headed hydra
 15934 | Lair:1   | 15934 ||| INVOKING Brothers in Arms.
 15935 | Lair:1   | 15935 ||| INVOKING Brothers in Arms.
 15936 | Lair:1   | 15936 ||| SWAPPING to +0 hand axe of flaming.
 15937 | Lair:1   | 15937 ||| INVOKING Berserk.
 15939 | Lair:1   | Killed a five-headed hydra
 15944 | Lair:1   | 15944 ||| SWAPPING to +0 war axe.
 16132 | Lair:1   | 16132 ||| INVOKING Berserk.
 16139 | Lair:1   | Reached XP level 13. HP: 84/84 MP: 13/13
 16475 | Lair:1   | 16475 ||| UPGRADING to +1 hat of see invisible.
 16480 | Lair:1   | 16480 ||| DROPPING ring of willpower.
 16481 | Lair:1   | 16481 ||| DROPPING ring of Nott {Wiz Dex+4}.
 16482 | Lair:1   | 16482 ||| UPGRADING to +4 ring of evasion.
 16484 | Lair:1   | 16484 ||| READING scroll labelled GENEOSEREMP.
 16485 | Lair:1   | 16485 ||| READING scroll labelled IHISEFFATU.
 16485 | Lair:1   | Identified a scroll of acquirement
 16485 | Lair:1   | 16485 ||| ACQUIRING +2 vorpal broad axe
 16485 | Lair:1   | Acquired a +2 vorpal broad axe
 16487 | Lair:1   | 16487 ||| SWAPPING to +2 vorpal broad axe.
 16488 | Lair:1   | 16488 ||| DROPPING +0 war axe.
 16489 | Lair:1   | 16489 ||| READING scroll labelled ETURHOAFUM.
 16659 | Lair:2   | 16659 ||| Stepping ~*~*~tactically~*~*~ (stealth).
 16661 | Lair:2   | 16661 ||| INVOKING Berserk.
 16670 | Lair:2   | Reached skill level 15 in Axes
 16724 | Lair:2   | 16724 ||| Stepping ~*~*~tactically~*~*~ (stealth).
 16727 | Lair:2   | 16727 ||| Stepping ~*~*~tactically~*~*~ (stealth).
 16776 | Lair:2   | 16776 ||| INVOKING Brothers in Arms.
 16777 | Lair:2   | 16777 ||| INVOKING Brothers in Arms.
 16778 | Lair:2   | 16778 ||| INVOKING Brothers in Arms.
 16779 | Lair:2   | 16779 ||| INVOKING Brothers in Arms.
 16780 | Lair:2   | 16780 ||| SWAPPING to +0 hand axe of flaming.
 16781 | Lair:2   | 16781 ||| INVOKING Berserk.
 16833 | Lair:2   | 16833 ||| SWAPPING to +3 vorpal broad axe.
 17006 | Lair:2   | 17006 ||| Stepping ~*~*~tactically~*~*~ (stealth).
 17079 | Lair:2   | 17079 ||| Stepping ~*~*~tactically~*~*~ (stealth).
 17081 | Lair:2   | 17081 ||| Stepping ~*~*~tactically~*~*~ (stealth).
 17085 | Lair:2   | 17085 ||| Stepping ~*~*~tactically~*~*~ (stealth).
 17090 | Lair:2   | 17090 ||| Stepping ~*~*~tactically~*~*~ (hiding).
 17091 | Lair:2   | 17091 ||| INVOKING Berserk.
 17094 | Lair:2   | Reached skill level 12 in Fighting
 17121 | Lair:2   | HP: 15/86 [naga/+0 scimitar (13)]
 17122 | Lair:2   | 17122 ||| READING 5 scrolls of teleportation.
 17123 | Lair:2   | 17123 ||| DRINKING 4 potions of heal wounds.
 17388 | Lair:2   | Found a staircase to the Snake Pit.
 17477 | Lair:2   | 17477 ||| Stepping ~*~*~tactically~*~*~ (stealth).
 17480 | Lair:2   | 17480 ||| Stepping ~*~*~tactically~*~*~ (stealth).
 17520 | Lair:2   | Found an ancient bone altar of Kikubaaqudgha.
 17523 | Lair:2   | 17523 ||| FLEEEEING.
 17619 | Lair:2   | 17619 ||| INVOKING Berserk.
 17711 | Lair:2   | 17711 ||| Stepping ~*~*~tactically~*~*~ (hiding).
 17751 | Lair:2   | 17751 ||| Stepping ~*~*~tactically~*~*~ (stealth).
 17941 | Lair:3   | 17941 ||| Stepping ~*~*~tactically~*~*~ (stealth).
 17943 | Lair:3   | 17943 ||| Stepping ~*~*~tactically~*~*~ (stealth).
 18176 | Lair:3   | 18176 ||| INVOKING Berserk.
 18259 | Lair:3   | 18259 ||| Stepping ~*~*~tactically~*~*~ (stealth).
 18270 | Lair:3   | 18270 ||| INVOKING Berserk.
 18274 | Lair:3   | Reached skill level 16 in Axes
 18282 | Lair:3   | 18282 ||| Stepping ~*~*~tactically~*~*~ (stealth).
 18285 | Lair:3   | 18285 ||| Stepping ~*~*~tactically~*~*~ (stealth).
 18286 | Lair:3   | 18286 ||| Stepping ~*~*~tactically~*~*~ (stealth).
 18289 | Lair:3   | 18289 ||| Stepping ~*~*~tactically~*~*~ (stealth).
 18293 | Lair:3   | 18293 ||| Stepping ~*~*~tactically~*~*~ (stealth).
 18396 | Lair:3   | 18396 ||| Stepping ~*~*~tactically~*~*~ (stealth).
 18402 | Lair:3   | 18402 ||| Stepping ~*~*~tactically~*~*~ (stealth).
 18416 | Lair:3   | 18416 ||| Stepping ~*~*~tactically~*~*~ (stealth).
 18505 | Lair:3   | 18505 ||| Stepping ~*~*~tactically~*~*~ (stealth).
 18659 | Lair:3   | 18659 ||| Stepping ~*~*~tactically~*~*~ (stealth).
 18692 | Lair:3   | 18692 ||| Stepping ~*~*~tactically~*~*~ (water).
 18718 | Lair:3   | 18718 ||| INVOKING Brothers in Arms.
 18720 | Lair:3   | 18720 ||| SWAPPING to +0 hand axe of flaming.
 18722 | Lair:3   | 18722 ||| INVOKING Berserk.
 18729 | Lair:3   | 18729 ||| SWAPPING to +3 vorpal broad axe.
 18734 | Lair:3   | Reached skill level 3 in Dodging
 18874 | Lair:3   | 18874 ||| Stepping ~*~*~tactically~*~*~ (hiding).
 18878 | Lair:3   | 18878 ||| INVOKING Berserk.
 18911 | Lair:3   | 18911 ||| FLEEEEING.
 18912 | Lair:3   | 18912 ||| FLEEEEING.
 18920 | Lair:3   | 18920 ||| FLEEEEING.
 18921 | Lair:3   | 18921 ||| FLEEEEING.
 18922 | Lair:3   | 18922 ||| FLEEEEING.
 18923 | Lair:3   | 18923 ||| FLEEEEING.
 18924 | Lair:3   | 18924 ||| FLEEEEING.
 18925 | Lair:3   | 18925 ||| FLEEEEING.
 18926 | Lair:3   | 18926 ||| FLEEEEING.
 18927 | Lair:3   | 18927 ||| FLEEEEING.
 18928 | Lair:3   | 18928 ||| FLEEEEING.
 18929 | Lair:3   | 18929 ||| FLEEEEING.
 18930 | Lair:3   | 18930 ||| FLEEEEING.
 18931 | Lair:3   | 18931 ||| FLEEEEING.
 18932 | Lair:3   | 18932 ||| FLEEEEING.
 18933 | Lair:3   | 18933 ||| FLEEEEING.
 18934 | Lair:3   | 18934 ||| FLEEEEING.
 18935 | Lair:3   | 18935 ||| FLEEEEING.
 18936 | Lair:3   | 18936 ||| FLEEEEING.
 19026 | Lair:3   | 19026 ||| INVOKING Berserk.
 19234 | Lair:3   | Found a staircase to the Swamp.
 19240 | Lair:3   | 19240 ||| DROPPING orb of guile.
 19287 | Lair:4   | 19287 ||| STAIRDANCE
 19291 | Lair:4   | 19291 ||| STAIRDANCE
 19317 | Lair:4   | 19317 ||| STAIRDANCE
 19329 | Lair:4   | 19329 ||| INVOKING Berserk.
 19339 | Lair:4   | 19339 ||| STAIRDANCE
 19450 | Lair:4   | 19450 ||| INVOKING Berserk.
 19475 | Lair:4   | 19475 ||| FLEEEEING.
 19476 | Lair:4   | 19476 ||| FLEEEEING.
 19477 | Lair:4   | 19477 ||| STAIRDANCE
 19603 | Lair:4   | Identified the +4 dagger of Focus {vorpal, Str+4 SInv
                  | Stlth+}
 19700 | Lair:4   | 19700 ||| INVOKING Berserk.
 19704 | Lair:4   | Gained mutation: Your large and strong wings let you fly.
                  | [Gargoyle growth]
 19704 | Lair:4   | Reached XP level 14. HP: 92/92 MP: 14/14
 19835 | Lair:4   | Found a staircase to the Slime Pits.
 19862 | Lair:4   | 19862 ||| FLEEEEING.
 19955 | Lair:4   | 19955 ||| Stepping ~*~*~tactically~*~*~ (stealth).
 20002 | Lair:4   | 20002 ||| FLEEEEING.
 20006 | Lair:4   | 20006 ||| FLEEEEING.
 20007 | Lair:4   | 20007 ||| FLEEEEING.
 20008 | Lair:4   | 20008 ||| FLEEEEING.
 20009 | Lair:4   | 20009 ||| FLEEEEING.
 20010 | Lair:4   | 20010 ||| FLEEEEING.
 20011 | Lair:4   | 20011 ||| FLEEEEING.
 20012 | Lair:4   | 20012 ||| FLEEEEING.
 20013 | Lair:4   | 20013 ||| FLEEEEING.
 20014 | Lair:4   | 20014 ||| FLEEEEING.
 20015 | Lair:4   | 20015 ||| FLEEEEING.
 20016 | Lair:4   | 20016 ||| FLEEEEING.
 20017 | Lair:4   | 20017 ||| FLEEEEING.
 20018 | Lair:4   | 20018 ||| FLEEEEING.
 20019 | Lair:4   | 20019 ||| INVOKING Berserk.
 20034 | Lair:4   | 20034 ||| Stepping ~*~*~tactically~*~*~ (stealth).
 20035 | Lair:4   | 20035 ||| Stepping ~*~*~tactically~*~*~ (stealth).
 20192 | Lair:4   | Reached skill level 17 in Axes
 20250 | Lair:4   | 20250 ||| Stepping ~*~*~tactically~*~*~ (stealth).
 20256 | Lair:4   | 20256 ||| Stepping ~*~*~tactically~*~*~ (stealth).
 20843 | Lair:5   | Entered Level 5 of the Lair of Beasts
 20909 | Lair:5   | 20909 ||| Stepping ~*~*~tactically~*~*~ (hiding).
 20930 | Lair:5   | 20930 ||| Stepping ~*~*~tactically~*~*~ (stealth).
 20931 | Lair:5   | 20931 ||| Stepping ~*~*~tactically~*~*~ (stealth).
 21057 | Lair:5   | 21057 ||| Stepping ~*~*~tactically~*~*~ (stealth).
 21061 | Lair:5   | 21061 ||| Stepping ~*~*~tactically~*~*~ (hiding).
 21062 | Lair:5   | 21062 ||| Stepping ~*~*~tactically~*~*~ (hiding).
 21098 | Lair:5   | 21098 ||| INVOKING Berserk.
 21282 | Lair:5   | 21282 ||| Stepping ~*~*~tactically~*~*~ (stealth).
 21283 | Lair:5   | 21283 ||| Stepping ~*~*~tactically~*~*~ (stealth).
 21298 | Lair:5   | 21298 ||| Stepping ~*~*~tactically~*~*~ (stealth).
 21299 | Lair:5   | 21299 ||| Stepping ~*~*~tactically~*~*~ (stealth).
 21639 | Lair:5   | 21639 ||| Stepping ~*~*~tactically~*~*~ (stealth).
 21641 | Lair:5   | 21641 ||| Stepping ~*~*~tactically~*~*~ (stealth).
 21643 | Lair:5   | 21643 ||| Stepping ~*~*~tactically~*~*~ (stealth).
 21645 | Lair:5   | 21645 ||| Stepping ~*~*~tactically~*~*~ (stealth).
 21664 | Lair:5   | 21664 ||| FLEEEEING.
 21665 | Lair:5   | 21665 ||| FLEEEEING.
 21666 | Lair:5   | 21666 ||| FLEEEEING.
 21668 | Lair:5   | 21668 ||| FLEEEEING.
 21670 | Lair:5   | 21670 ||| FLEEEEING.
 21671 | Lair:5   | 21671 ||| FLEEEEING.
 21672 | Lair:5   | 21672 ||| FLEEEEING.
 21673 | Lair:5   | 21673 ||| STAIRDANCE
 21722 | Lair:4   | 21722 ||| UPGRADING to amulet of reflection.
 21732 | Lair:4   | 21732 ||| DROPPING amulet of the acrobat.
 21833 | Lair:5   | 21833 ||| Stepping ~*~*~tactically~*~*~ (stealth).
 21870 | Lair:5   | Reached skill level 12 in Armour
 21918 | Lair:5   | 21918 ||| FLEEEEING.
 21984 | Lair:5   | 21984 ||| INVOKING Brothers in Arms.
 21985 | Lair:5   | 21985 ||| INVOKING Brothers in Arms.
 21987 | Lair:5   | 21987 ||| SWAPPING to +0 hand axe of flaming.
 21988 | Lair:5   | 21988 ||| INVOKING Berserk.
 21996 | Lair:5   | Reached skill level 6 in Throwing
 22033 | Lair:5   | 22033 ||| SWAPPING to +3 vorpal broad axe.
 22148 | Lair:5   | 22148 ||| Stepping ~*~*~tactically~*~*~ (stealth).
 22149 | Lair:5   | 22149 ||| Stepping ~*~*~tactically~*~*~ (stealth).
 22151 | Lair:5   | 22151 ||| Stepping ~*~*~tactically~*~*~ (stealth).
 22165 | Lair:5   | 22165 ||| Stepping ~*~*~tactically~*~*~ (stealth).
 22166 | Lair:5   | 22166 ||| Stepping ~*~*~tactically~*~*~ (stealth).
 22167 | Lair:5   | 22167 ||| Stepping ~*~*~tactically~*~*~ (stealth).
 22168 | Lair:5   | 22168 ||| Stepping ~*~*~tactically~*~*~ (stealth).
 22172 | Lair:5   | 22172 ||| Stepping ~*~*~tactically~*~*~ (hiding).
 22174 | Lair:5   | 22174 ||| INVOKING Berserk.
 22290 | Lair:5   | Noticed a dire elephant
 22291 | Lair:5   | 22291 ||| Stepping ~*~*~tactically~*~*~ (stealth).
 22292 | Lair:5   | 22292 ||| Stepping ~*~*~tactically~*~*~ (stealth).
 22294 | Lair:5   | 22294 ||| Stepping ~*~*~tactically~*~*~ (stealth).
 22296 | Lair:5   | 22296 ||| INVOKING Berserk.
 22302 | Lair:5   | Killed a dire elephant
 22314 | Lair:5   | 22314 ||| Stepping ~*~*~tactically~*~*~ (stealth).
 22542 | Lair:5   | 22542 ||| PLANNING D
 22684 | D:12     | 22684 ||| Stepping ~*~*~tactically~*~*~ (hiding).
 22691 | D:12     | 22691 ||| Stepping ~*~*~tactically~*~*~ (stealth).
 22698 | D:12     | 22698 ||| INVOKING Berserk.
 22866 | D:12     | 22866 ||| FLEEEEING.
 22867 | D:12     | 22867 ||| FLEEEEING.
 22868 | D:12     | 22868 ||| FLEEEEING.
 22869 | D:12     | 22869 ||| FLEEEEING.
 22870 | D:12     | 22870 ||| FLEEEEING.
 22871 | D:12     | 22871 ||| FLEEEEING.
 22874 | D:12     | 22874 ||| FLEEEEING.
 22879 | D:12     | 22879 ||| FLEEEEING.
 22880 | D:12     | 22880 ||| FLEEEEING.
 22881 | D:12     | 22881 ||| FLEEEEING.
 22882 | D:12     | 22882 ||| STAIRDANCE
 22986 | D:12     | 22986 ||| STAIRDANCE
 23024 | D:12     | 23024 ||| STAIRDANCE
 23091 | D:12     | Found a blossoming altar of Fedhas.
 23335 | D:12     | 23335 ||| READING scroll of enchant weapon.
 23335 | D:12     | 23335 ||| ENCHANTING +3 vorpal broad axe.
 23617 | D:12     | 23617 ||| READING 10 scrolls of identify.
 23617 | D:12     | 23617 ||| IDENTIFYING yellow potion
 23681 | D:13     | 23681 ||| Stepping ~*~*~tactically~*~*~ (hiding).
 23858 | D:13     | 23858 ||| Stepping ~*~*~tactically~*~*~ (stealth).
 23870 | D:13     | 23870 ||| INVOKING Berserk.
 23873 | D:13     | Reached XP level 15. HP: 98/98 MP: 15/15
 23932 | D:13     | 23932 ||| SWAPPING to +0 hand axe of flaming.
 23940 | D:13     | 23940 ||| SWAPPING to +4 vorpal broad axe.
 23949 | D:13     | Reached skill level 18 in Axes
 23952 | D:13     | 23952 ||| INVOKING Berserk.
 23954 | D:13     | HP: 25/148 [yaktaur/bolt (24)]
 23963 | D:13     | HP: 15/148 [skeletal warrior/+0 trident (11)]
 23968 | D:13     | HP: 12/148 [skeletal warrior/+0 scimitar[a boggart] (4)]
 23970 | D:13     | HP: 4/100 [skeletal warrior/+0 trident (1)]
 23970 | D:13     | Slain by a skeletal warrior

Levels and vault maps discovered:
D:1:      nzn_arrival_water_spiral, layout_loops_ring,
          chequers_ecumenical_altar_simple_redux, nicolae_figureground_sparkle
D:2:      layout_basic, serial_shops, nicolae_shop_overgrown_old_shop
D:3:      layout_basic, overflow_temple_1_default, minmay_statues_item,
          minivault_23, minmay_strange_pillars, grunt_ministairs_14
D:4:      layout_rooms, xom_redecorated
D:5:      layout_basic, grunt_qazlal_sundering, mainiacjoe_overflow_catwalk,
          lemuel_crystal_altar, uniq_edmund
D:6:      layout_loops_corners, minmay_temple_entry_overgrown,
          gup_sewer_entry_bubbles, moated_statue
D:7:      layout_gridville, lemuel_round_altar, mainiacjoe_overflow_tiny_flanked
D:8:      layout_basic, mainiacjoe_overflow_brackets, uniq_erica, uniq_pikel,
          uniq_joseph
D:9:      erik_cavepeople, layout_loops_ring, vehumet_crystals
D:10:     layout_cave_pods, gammafunk_ghost_hydra_chop
D:11:     lemuel_reptile_caves, layout_loops_cross, dpeg_lair_monsters,
          david_orc_2, uniq_urug
D:12:     layout_basic, fedhas_altar_3
D:13:     layout_basic, hangedman_vaults_entry_quadrant_bands, serial_shops,
          nicolae_shop_trees
Lair:1:   layout_regular_city, enter_volcano_1, uniq_gastronok
Lair:2:   layout_regular_city, minmay_snake_entry_guardpost_small,
          lemuel_oklob_altar
Lair:3:   beast_lair_carwin_large_3, layout_loops_ring,
          palyth_hydra_swamp_entry, serial_bayou_lake_a
Lair:4:   layout_regular_city, slime_entry_1, minivault_23, pond
Lair:5:   hangedman_lair_in_review, layout_regular_city, st_stairs_11,
          infiniplex_staircase_pool

Skill      XL: |  1  2  3  4  5  6  7  8  9 10 11 12 13 14 15 |
---------------+----------------------------------------------+-----
Axes           | 3 4 5 6 7 9 10 12 13 14 16 17 18 | 18.0
Fighting       | 4 5 6 8 9 10 11 12 13 | 13.6
Armour         | 3 4 6 9 10 11 12 | 12.0
Throwing       | 1 2 4 5 6 |  6.0
Dodging        | 2 3 |  3.0

Action                   |  1- 3 |  4- 6 |  7- 9 | 10-12 | 13-15 || total
-------------------------+-------+-------+-------+-------+-------++-------
Melee: Hand axe          |    79 |   143 |    49 |     2 |    27 ||   300
       Punch             |       |     2 |     4 |    10 |     6 ||    22
       War axe           |       |       |   221 |   563 |    10 ||   794
       Headbutt          |       |       |    14 |   119 |    87 ||   220
       Broad axe         |       |       |       |       |   428 ||   428
Throw: Boomerang         |       |    60 |    38 |    47 |    70 ||   215
       Javelin           |       |       |       |    32 |    79 ||   111
Invok: Berserk           |       |     4 |    12 |    21 |    20 ||    57
       Brothers in Arms  |       |       |       |     1 |     3 ||     4
  Use: Scroll            |     5 |     4 |     2 |    10 |     6 ||    27
       Potion            |       |     2 |     2 |     2 |     1 ||     7
Armor: Animal skin       |     6 |       |       |       |       ||     6
       Ring mail         |    25 |    18 |       |       |       ||    43
       Chain mail        |       |    38 |   163 |   151 |       ||   352
       Plate armour      |       |       |       |   150 |   182 ||   332
Dodge: Dodged            |    36 |    64 |   115 |   216 |   209 ||   640
Block: Other             |       |       |       |       |    26 ||    26
       Reflection        |       |       |       |       |     3 ||     3

Table legend:
 A = Non-vault XP
 B = Vault XP
 C = Vault XP percentage of total XP
 D = Non-vault monster count
 E = Vault monster count
 F = Vault count percentage of total count
                 A         B        C        D         E       F
            +---------+---------+-------+---------+---------+-------
      Total |   56613 |   34927 |  38.2 |     364 |     140 |  27.8
            +---------+---------+-------+---------+---------+-------
        D:1 |      18 |       0 |   0.0 |      11 |       0 |   0.0
        D:2 |      95 |       0 |   0.0 |      19 |       0 |   0.0
        D:3 |      89 |       9 |   9.2 |      19 |       2 |   9.5
        D:4 |     113 |       0 |   0.0 |      13 |       0 |   0.0
        D:5 |     537 |     158 |  22.7 |      19 |       1 |   5.0
        D:6 |    1219 |      20 |   1.6 |      25 |       6 |  19.4
        D:7 |    1127 |       0 |   0.0 |      22 |       0 |   0.0
        D:8 |    1192 |    1931 |  61.8 |      26 |       3 |  10.3
        D:9 |    3009 |    2561 |  46.0 |      29 |      19 |  39.6
       D:10 |    1466 |       0 |   0.0 |      13 |       0 |   0.0
       D:11 |    5369 |    7074 |  56.9 |      26 |      47 |  64.4
       D:12 |    2998 |       0 |   0.0 |       8 |       0 |   0.0
       D:13 |    3362 |    3798 |  53.0 |       7 |      12 |  63.2
     Lair:1 |    5812 |    1502 |  20.5 |      23 |       1 |   4.2
     Lair:2 |   11100 |    1078 |   8.9 |      27 |       4 |  12.9
     Lair:3 |    3953 |    3715 |  48.4 |      21 |      17 |  44.7
     Lair:4 |    5217 |    1943 |  27.1 |      21 |       5 |  19.2
     Lair:5 |    9937 |   11138 |  52.8 |      35 |      23 |  39.7
            +---------+---------+-------+---------+---------+-------
